 Dungeon Crawl Stone Soup version 0.24.0-13-gcf9b3192b9 (webtiles) character file.

Game seed: 16318824600367643711, levelgen mode: classic

21 EnegeticOcto the Chucker (level 2, 0/20 HPs)
             Began as an Octopode Hunter on Nov 5, 2019.
             Slain by a hobgoblin (4 damage)
             ... on level 2 of the Dungeon.
             The game lasted 00:00:55 (1112 turns).

EnegeticOcto the Chucker (Octopode Hunter)          Turns: 1112, Time: 00:00:56

Health: 0/20       AC:  1    Str: 11    XL:     2   Next: 83%
Magic:  2/2        EV: 13    Int: 13    God:
Gold:   49         SH:  0    Dex: 12    Spells: 1/1 levels left

rFire    . . .     SeeInvis .   h - -2 whip (curse)
rCold    . . .     Gourm    .   (no shield)
rNeg     . . .     Faith    .   (helmet restricted)
rPois    .         Spirit   .   (no amulet)
rElec    .         Reflect  .   (no ring)
rCorr    .         Harm     .   (no ring)
MR       .....                  (no ring)
Stlth    +++.......             (no ring)
HPRegen  0.06/turn              (no ring)
MPRegen  0.08/turn              (no ring)
                                (no ring)
                                (no ring)

@: no status effects
A: almost no armour, stealthy swim, amphibious, 8 rings, constrict 8, camouflage
1, gelatinous body 1
a: no special abilities


You were on level 2 of the Dungeon.
You were not hungry.

You visited 1 branch of the dungeon, and saw 2 of its levels.

You collected 49 gold pieces.

Inventory:

Hand Weapons
 a - a +0 short sword
 h - a cursed -2 whip (weapon)
Missiles
 b - 6 javelins (quivered)
 c - 2 throwing nets {!f}
Comestibles
 d - a chunk of flesh
 e - 4 rations


   Skills:
 + Level 2.6 Fighting
 - Level 4.0 Throwing
 - Level 2.0 Dodging
 + Level 2.9 Stealth


You had one spell level left.
You didn't know any spells.
Your spell library was empty.

Dungeon Overview and Level Annotations

Branches:
Dungeon (2/15)

Altars:
Trog

Annotations:
D:2 1 transporter


Innate Abilities, Weirdness & Mutations

You cannot wear most types of armour.
You are very stealthy in the water. (Stealth+)
You are amphibious.
You can wear up to eight rings at the same time.
You can use your tentacles to constrict eight enemies at once.
Your skin changes colour to match your surroundings (Stealth+).
Your rubbery body absorbs attacks. (AC +1, EV +1)


Message History

You kill the hobgoblin!
No target in view!
No target in view!
No target in view!
No target in view!
No target in view!
Things that are here:
a +0 club; a hobgoblin corpse You butcher the hobgoblin corpse.
d - a chunk of flesh
Things that are here:
a +0 club; a hobgoblin skeleton
Things that are here:
a +0 club; a hobgoblin skeleton
There is a stone staircase leading up here.
Things that are here:
a cursed -3 dagger; 2 stones; a kobold corpse As you open the door, it creaks loudly!
There is an open door here.
f - a scroll labeled WAAWKO XALAEQ
e - 3 rations (gained 1)
g - a scroll labeled EMMEKHL XUNGYIGU
Found 30 arrows.
No target in view!
No target in view!
No target in view!
You see here 30 arrows.
A bat comes into view.
Found a ration.
A bat is nearby!
A bat is nearby!
As you read the scroll labeled EMMEKHL XUNGYIGU, it crumbles to dust.
The scroll dissolves into smoke.
It was a scroll of fog.
What are your orders? t - Shout!
Orders for allies: a - Attack new target. r - Retreat! s - Stop attacking. g - Guard the area. f - Follow me.
Anything else - Cancel.
Retreat in which direction?
Press: ? - help, Dir - move target cursor, f - you
Okay, then.
As you read the scroll labeled WAAWKO XALAEQ, it crumbles to dust.
The air around you briefly surges with heat, but it dissipates.
It was a scroll of immolation.
No target in view!
No target in view!
No target in view!
No target in view!
No target in view!
The bat misses you. The bat barely misses you. The bat hits you.
Found 14 gold pieces.
You miss the bat. You grab the bat. You constrict the bat.
You kill the bat!
No target in view!
No target in view!
No target in view!
No target in view!
No target in view!
No target in view!
No target in view!
HP restored.
You butcher the bat corpse.
d - 2 chunks of flesh (gained 1)
You see here a bat skeleton. x2
Found a stone staircase leading up.
Found a robe.
e - 4 rations (gained 1)
You now have 38 gold pieces (gained 14).
Found a bloodstained altar of Trog.
Found a transporter.
No reachable target in view!
Eating one of 2 chunks of flesh.
You eat one of the 2 chunks of flesh.
This raw flesh tastes terrible.
You now have 49 gold pieces (gained 11).
You open the door.
A bat and a hobgoblin come into view.
There are monsters nearby!
There are monsters nearby!
There is an open door here.
You barely miss the hobgoblin. Your grab misses the hobgoblin.
The hobgoblin hits you.
You closely miss the hobgoblin. Your grab misses the hobgoblin.
The hobgoblin hits you.
You completely miss the bat. You grab the bat. You constrict the bat.
The bat closely misses you.
The bat escapes!
The hobgoblin hits you.
You are too injured to fight recklessly!
You are too injured to fight recklessly!
You are too injured to fight recklessly!
You are too injured to fight recklessly!
You are too injured to fight recklessly!
You are too injured to fight recklessly!
You closely miss the hobgoblin. Your grab misses the hobgoblin.
The hobgoblin hits you.
* * * LOW HITPOINT WARNING * * *
The bat closely misses you.
You closely miss the hobgoblin. Your grab misses the hobgoblin.
Your squeeze misses the hobgoblin. The bat closely misses you.
The hobgoblin hits you.
You die...

##.....##
##.......##
#.........#
+.........+
#.........#
#...b...#
#..g..# #.@.#
##'## #.# #.#
##.## ##...##
###.....#
....#...#####.#
###.#.........#


You could see a hobgoblin and a bat.

Vanquished Creatures
  A leopard gecko (D:1)
  A giant cockroach (D:1)
  2 goblins (D:1)
  2 hobgoblins
  3 kobolds
  3 bats
  5 frilled lizards (D:1)
  4 rats (D:1)
21 creatures vanquished.

Notes
Turn   | Place    | Note
-------+----------+-------------------------------------------
     0 | D:1      | EnegeticOcto the Octopode Hunter began the quest for the
                  | Orb.
     0 | D:1      | Reached XP level 1. HP: 14/14 MP: 1/1
   343 | D:1      | Reached XP level 2. HP: 20/20 MP: 2/2
  1080 | D:2      | Noticed a bullfrog
  1086 | D:2      | Found a bloodstained altar of Trog.
  1086 | D:2      | Found a transporter.
  1112 | D:2      | Slain by a hobgoblin

Levels and vault maps discovered:
D:1:      lemuel_arrival_muddy, layout_basic, minmay_misc_feat_more_columns
D:2:      layout_loops_corners, gammafunk_temple_overflow_arena, fedhas_altar_4

Skill      XL: |  1 |
---------------+----+-----
Stealth        | 2 |  2.9
Fighting       | |  2.6
Throwing       | |  4.0
Dodging        | |  2.0

Action                   || total
-------------------------++-------
Melee: Short sword       ||    35
       Constrict         ||    13
       Tentacles         ||     4
       Whip              ||     9
  Use: Scroll            ||     5
 Stab: Sleeping          ||     9
  Eat: Chunk             ||     1
Armor: Skin              ||     3
Dodge: Dodged            ||    22
